[ AOE2 MATCH · #507047056 ]
UnrankedWu vs Berbers
Player's team · WIN
Rival team · LOSS
[ REPLAY ANALYSIS · EXTRACTED FROM THE RECORDED GAME ]
Feudal
9:49
Castle
—
Imperial
—
| APM avg | 50.7 |
| APM peak | 87 |
| eAPM avg | 18.9 |
| Villagers / military | 37 / 10 |
Focus
⚔️ 33.2% · 🌾 66.8%
Archer ×6 · Militia ×4
Feudal
—
Castle
—
Imperial
—
| APM avg | 47.0 |
| APM peak | 86 |
| eAPM avg | 15.2 |
| Villagers / military | 54 / 6 |
Focus
⚔️ 24.9% · 🌾 75.1%
Militia ×6
Match map
Initial resources + every placement click. Lines = walls · curves = elevation contours. ◆ gold · ⬟ stone · ● berries · ✦ relic · ◌ wall gap
Your base· Open — unwalled flank
kim.henrik.himanen123's base· Open — unwalled flank
Smoothed initial terrain · ◌ = detected wall gap · hover for details
Inputs per minute
— Couch Dog - - kim.henrik.himanen123
Build order — Couch Dog
90 actions detected in the replay
| 0:02 | Queue | Villager (Male) ×4 |
| 0:03 | Build | House |
| 0:05 | Build | House |
| 1:27 | Queue | Villager (Male) |
| 1:28 | Queue | Villager (Male) |
| 1:59 | Queue | Villager (Male) |
| 1:59 | Queue | Villager (Male) |
| 2:23 | Queue | Villager (Male) |
| 2:23 | Queue | Villager (Male) |
| 2:30 | Build | Lumber Camp |
| 2:49 | Queue | Villager (Male) |
| 2:49 | Queue | Villager (Male) |
| 3:07 | Queue | Villager (Male) |
| 3:07 | Queue | Villager (Male) |
| 3:39 | Queue | Villager (Male) |
| 3:39 | Queue | Villager (Male) |
| 3:54 | Build | House |
| 3:58 | Queue | Villager (Male) |
| 4:17 | Build | House |
| 4:19 | Build | Palisade Wall |
| 4:31 | Queue | Villager (Male) |
| 4:31 | Queue | Villager (Male) |
| 5:03 | Queue | Villager (Male) |
| 5:03 | Queue | Villager (Male) |
| 5:36 | Build | Barracks |
| 5:42 | Queue | Villager (Male) |
| 5:52 | Queue | Villager (Male) |
| 6:08 | Research | Loom |
| 6:15 | Build | Mill |
| 6:37 | Queue | Villager (Male) |
| 7:10 | Queue | Villager (Male) |
| 7:28 | Build | Mining Camp |
| 7:39 | Research | Feudal Age |
| 8:08 | Queue | Militia |
| 8:15 | Build | House |
| 8:32 | Queue | Militia |
| 8:36 | Build | Palisade Wall |
| 8:42 | Build | Palisade Wall |
| 8:44 | Build | Palisade Wall |
| 8:46 | Build | Palisade Wall |
| 8:49 | Build | Palisade Wall |
| 8:55 | Queue | Militia |
| 9:18 | Research | Loom |
| 9:42 | Build | Palisade Wall |
| 9:44 | Build | Palisade Wall |
| 9:49 | Age | Feudal Age |
| 9:51 | Research | Man-at-Arms (upgrade) |
| 9:57 | Build | Palisade Wall |
| 9:59 | Queue | Villager (Male) |
| 10:01 | Research | Double-Bit Axe |
| 10:32 | Queue | Villager (Male) |
| 10:57 | Queue | Villager (Male) |
| 11:10 | Build | Palisade Gate |
| 11:14 | Build | House |
| 11:16 | Build | Palisade Wall |
| 11:23 | Queue | Villager (Male) |
| 11:30 | Build | Palisade Gate |
| 11:41 | Queue | Villager (Male) |
| 11:52 | Build | Palisade Gate |
| 11:55 | Queue | Villager (Male) |
| 12:01 | Build | Farm |
| 12:02 | Build | Farm |
| 12:03 | Build | Farm |
| 12:05 | Build | Farm |
| 12:09 | Build | Farm |
| 12:10 | Build | Farm |
| 12:46 | Queue | Villager (Male) |
| 12:49 | Build | Archery Range |
| 12:57 | Build | Palisade Wall |
| 13:06 | Build | Lumber Camp |
| 13:37 | Queue | Villager (Male) |
| 13:45 | Build | Watch Tower |
| 13:58 | Queue | Villager (Male) |
| 14:04 | Queue | Archer |
| 14:15 | Queue | Militia |
| 14:20 | Queue | Archer |
| 14:39 | Queue | Archer |
| 14:42 | Queue | Villager (Male) |
| 15:06 | Queue | Archer |
| 15:22 | Build | House |
| 15:24 | Build | House |
| 15:39 | Queue | Villager (Male) |
| 16:19 | Build | Mining Camp |
| 16:24 | Build | Mining Camp |
| 16:25 | Queue | Archer |
| 16:47 | Build | Palisade Wall |
| 17:00 | Build | Town Center |
| 17:09 | Queue | Archer |
| 17:15 | Build | Blacksmith |
| 17:48 | Queue | Villager (Male) |
Build order — kim.henrik.himanen123
50 actions detected in the replay
| 0:00 | Queue | Villager (Male) ×4 |
| 0:01 | Queue | Villager (Male) ×4 |
| 0:02 | Build | House |
| 0:02 | Build | House |
| 1:28 | Queue | Villager (Male) |
| 1:47 | Build | Lumber Camp |
| 2:05 | Queue | Villager (Male) ×2 |
| 2:05 | Queue | Villager (Male) ×2 |
| 2:30 | Research | Loom |
| 2:31 | Queue | Villager (Male) |
| 3:00 | Build | House |
| 3:02 | Queue | Villager (Male) |
| 3:31 | Queue | Villager (Male) ×2 |
| 3:32 | Queue | Villager (Male) ×2 |
| 4:32 | Queue | Villager (Male) ×3 |
| 5:15 | Build | Barracks |
| 5:39 | Queue | Villager (Male) |
| 5:56 | Build | House |
| 6:10 | Queue | Militia |
| 6:10 | Queue | Militia |
| 6:27 | Queue | Villager (Male) |
| 6:37 | Build | Outpost |
| 6:51 | Queue | Militia |
| 7:08 | Queue | Militia |
| 8:05 | Queue | Villager (Male) |
| 8:05 | Queue | Villager (Male) |
| 8:16 | Build | House |
| 8:55 | Queue | Militia |
| 8:55 | Queue | Militia |
| 8:57 | Queue | Villager (Male) ×4 |
| 8:57 | Queue | Villager (Male) ×4 |
| 9:22 | Queue | Villager (Male) |
| 10:41 | Build | House |
| 11:44 | Build | Palisade Gate |
| 12:18 | Build | Town Center |
| 12:30 | Build | House |
| 12:31 | Build | House |
| 13:12 | Queue | Villager (Male) ×2 |
| 13:13 | Queue | Villager (Male) ×2 |
| 13:50 | Build | Mill |
| 14:21 | Queue | Villager (Male) |
| 15:04 | Queue | Villager (Male) ×4 |
| 15:05 | Queue | Villager (Male) ×4 |
| 15:42 | Queue | Villager (Male) |
| 15:42 | Queue | Villager (Male) |
| 16:31 | Build | House |
| 16:42 | Queue | Villager (Male) ×2 |
| 16:43 | Queue | Villager (Male) ×2 |
| 17:02 | Build | House |
| 17:05 | Build | Palisade Wall |
Match timeline
| 4:19 | Couch Dog · wall_segment Palisade Wall x1 |
| 5:15 | kim.henrik.himanen123 · first_building Barracks |
| 5:36 | Couch Dog · first_building Barracks |
| 8:36 | Couch Dog · wall_segment Palisade Wall x1 |
| 8:42 | Couch Dog · wall_segment Palisade Wall x1 |
| 8:44 | Couch Dog · wall_segment Palisade Wall x1 |
| 8:46 | Couch Dog · wall_segment Palisade Wall x1 |
| 8:49 | Couch Dog · wall_segment Palisade Wall x1 |
| 9:42 | Couch Dog · wall_segment Palisade Wall x1 |
| 9:44 | Couch Dog · wall_segment Palisade Wall x1 |
| 9:49 | Couch Dog · age_up feudal |
| 9:57 | Couch Dog · wall_segment Palisade Wall x1 |
| 11:16 | Couch Dog · wall_segment Palisade Wall x1 |
| 12:49 | Couch Dog · first_building Archery Range |
| 12:57 | Couch Dog · wall_segment Palisade Wall x1 |
| 16:47 | Couch Dog · wall_segment Palisade Wall x1 |
| 17:05 | kim.henrik.himanen123 · wall_segment Palisade Wall x1 |
| 17:48 | kim.henrik.himanen123 · resign |
[ AI ANALYSIS · 1 CREDIT ]
What really happened in this match?
Wolo.gg analyzes every decision: build order, eco, micro, common mistakes by bracket. Personalized analysis on WhatsApp or Discord in 30 seconds.
Civ guide
Wu
Perfil
Jugador #4578785